 Dungeon Crawl Stone Soup version 0.31-a0-881-ge136f0c47a (webtiles) character file.

Game seed: 14518675933548722491

17 croobank the Sneak (level 2, 0/21 HPs)
             Began as an Octopode Delver on Oct 15, 2023.
             Slain by a sky beast (5 damage)
             ... on level 6 of the Dungeon.
             The game lasted 00:00:28 (76 turns).

croobank the Sneak (Octopode Delver)                  Turns: 76, Time: 00:00:29

Health: 0/21       AC:  1    Str: 11    XL:     2   Next: 62%
Magic:  2/2        EV: 13    Int: 12    God:
Gold:   17         SH:  0    Dex: 13    Spells: 1/1 levels left

rFire   . . .        a - +0 short sword
rCold   . . .        (no shield)
rNeg    . . .        (helmet restricted)
rPois   .            (no amulet)
rElec   .            (no ring)
rCorr   .            (no ring)
SInv    .            (no ring)
Will    .....        (no ring)
Stlth   ++++         (no ring)
HPRegen 0.23/turn    (no ring)
MPRegen 0.08/turn    (no ring)
                     (no ring)

%: no passive effects
@: marked
A: almost no armour, amphibious, 8 rings, camouflage 1, gelatinous body 1,
(nimble swimmer 1), tentacles
a: no special abilities


You were on level 6 of the Dungeon.
You visited 1 branch of the dungeon, and saw 2 of its levels.

You collected 17 gold pieces.

Inventory:

Hand Weapons
 a - a +0 short sword (weapon)
Wands
 f - a wand of digging (3)
Scrolls
 b - a scroll of fog
 c - 2 scrolls of revelation
Potions
 e - a potion of haste
 g - a potion of curing {unknown}


   Skills:
 + Level 3.2 Fighting
 + Level 2.3 Short Blades
 + Level 2.3 Dodging
 + Level 6.8 Stealth


You had one spell level left.
You didn't know any spells.
Your spell library was empty.

Dungeon Overview and Level Annotations

Branches:
Dungeon (6/15)
 Temple: D:4-7

Altars:


Innate Abilities, Weirdness & Mutations

You cannot wear most types of armour.
You are amphibious.
You can wear up to eight rings at the same time.
Your skin changes colour to match your surroundings (Stealth+).
Your rubbery body absorbs attacks. (AC +1, EV +1)
((You are camouflaged when in or above water. (Stealth+)))
You have tentacles for arms and can constrict up to eight enemies at once.


Message History

A malevolent force fills the Dungeon...
With a horrendous wail, an alarm goes off!
A sentinel's mark forms upon you.
You hear a shout! x6
You see here an adder corpse.
A hound comes into view.
The hound bites you.
You see here 17 gold pieces.
You closely miss the hound. Your grab misses the hound.
Your squeeze misses the hound. The hound closely misses you.
An ice beast comes into view.
You hit the hound. Your grab misses the hound.
The hound is lightly wounded.
The hound barely misses you.
You hit the hound but do no damage. Your grab misses the hound.
The hound is lightly wounded.
The hound bites you. The hound barely misses you.
You hit the hound but do no damage. Your grab misses the hound.
Your squeeze misses the hound.
The hound is lightly wounded.
The hound bites you.
* * * LOW HITPOINT WARNING * * *
You completely miss the hound. Your grab misses the hound.
The hound is lightly wounded.
The hound closely misses you. x2
As you read the scroll of fear, it crumbles to dust.
You assume a fearsome visage.
The ice beast looks frightened!
The hound looks frightened!
You now have 17 gold pieces.
An orc comes into view.
It is wielding a +0 hand axe of flaming.
An orc comes into view. It is wielding a +0 short sword.
A sky beast comes into view.
You see here an adder corpse.
The sky beast flickers out of sight!
Deactivating autopickup; reactivate with Ctrl-A.
You closely miss something. Something hits you.
* * * LOW HITPOINT WARNING * * *
Something shocks you.
You die...

#.# #.# #####.######
#....<.....# ..###...##.#
#.#.##.###### #(###.#.##>.....#
#...............###
................@.##########..#
#.####..##.###....†..o..o.....#
.....##.# #.##.##########.Y#
......<..# #.##.# ##....####
#.##.# #....## #.##.# #..##
#.##.# #.##.# #. #.#


You could see an orc.

Vanquished Creatures
  An adder (D:6)
  A white imp (D:5)
2 creatures vanquished.

Notes
Turn   | Place    | Note
-------+----------+-------------------------------------------
     0 | D:5      | croobank the Octopode Delver began the quest for the Orb.
     0 | D:5      | Reached XP level 1. HP: 16/16 MP: 1/1
    10 | D:5      | Reached XP level 2. HP: 21/21 MP: 2/2
    61 | D:6      | Noticed an ice beast
    72 | D:6      | Noticed a sky beast
    76 | D:6      | Slain by a sky beast

Illustrated notes

Levels and vault maps discovered:
D:5:      layout_cave_pods
D:6:      layout_loops_ring, grunt_temple_overflow_order_and_chaos_1,
          minmay_temple_entry_wispy

Action                     || total
---------------------------++-------
  Melee: Short sword       ||    12
         Constrict         ||     1
         Tentacles         ||     1
    Use: Scroll            ||     1
   Stab: Sleeping          ||     1
 Armour: Skin              ||     6
  Dodge: Dodged            ||     9

Table legend: (Time is in decaauts)
 A = Elapsed time spent in this place.
 B = Non-inter-level travel time spent in this place.
 C = Inter-level travel time spent in this place.
 D = Time resting spent in this place.
 E = Time spent auto-exploring this place.
 F = Levels seen in this place.
 G = Mean time per level.
                   A        B        C        D        E       F      G
               +--------+--------+--------+--------+--------+-----+--------+
         Total |     74 |     74 |      0 |     15 |      5 |   2 |   37.0 |
       Dungeon |     74 |     74 |      0 |     15 |      5 |   2 |   37.0 |
               +--------+--------+--------+--------+--------+-----+--------+

Top non-repeatable levels by time:
     D:6: 60 daAuts
     D:5: 13 daAuts
